 Dungeon Crawl Stone Soup version 0.28-a0-172-g787e458d71 (webtiles) character file.

Game seed: 2743327750537635111

37 rabbitsville the Chopper (level 3, 33/33 HPs)
             Began as a Minotaur Berserker on July 7, 2021.
             Was a Follower of Trog.
             Quit the game on level 2 of the Dungeon on Aug 16, 2021.
             The game lasted 00:10:17 (1030 turns).

rabbitsville the Chopper (Minotaur Berserker)       Turns: 1030, Time: 00:10:18

Health: 33/33      AC:  5    Str: 22    XL:     3   Next: 23%
Magic:  2/2        EV: 12    Int:  4    God:    Trog [*.....]
Gold:   33         SH:  0    Dex:  9    Spells: 2/2 levels left

rFire   . . .      SeeInvis .   a - +0 hand axe
rCold   . . .      Faith    .   (no shield)
rNeg    . . .      Spirit   .   b - +0 animal skin
rPois   .          Reflect  .   (helmet restricted)
rElec   .          Harm     .   d - +2 cloak
rCorr   .          Rampage  .   (no gloves)
Will    .....                   (no boots)
Stlth   +.........              (no amulet)
HPRegen 0.11/turn               (no ring)
MPRegen 0.08/turn               (no ring)

@: no status effects
A: horns 2, retaliatory headbutt
a: Renounce Religion, Berserk


You were on level 2 of the Dungeon.
You worshipped Trog.
Trog was aware of your devotion.
You visited 1 branch of the dungeon, and saw 2 of its levels.

You collected 33 gold pieces.

Inventory:

Hand Weapons
 a - a +0 hand axe (weapon)
Missiles
 c - 5 boomerangs (quivered)
 h - 70 stones
Armour
 b - a +0 animal skin (worn)
 d - a +2 cloak (worn)
Scrolls
 e - a scroll of immolation {unknown}
 f - a scroll of fear {unknown}
 j - 5 scrolls of identify {unknown}
Potions
 g - a potion of ambrosia {unknown}
 i - a potion of lignification {unknown}
 k - a potion of magic {unknown}


   Skills:
 + Level 4.3 Fighting
 * Level 4.6 Axes
 - Level 2.5 Armour
 - Level 2.3 Dodging


You had 2 spell levels left.
You didn't know any spells.
Your spell library was empty.

Dungeon Overview and Level Annotations

Branches:
Dungeon (2/15)

Altars:


Innate Abilities, Weirdness & Mutations

You have a pair of horns on your head.
You reflexively headbutt those who attack you in melee.


Message History

The kobold barely misses you.
You barely miss the kobold.
The kobold is moderately wounded.
The kobold hits you but does no damage.
You completely miss the kobold.
The kobold is moderately wounded.
The kobold hits you with a +0 dagger.
You closely miss the kobold.
The kobold is moderately wounded.
The kobold barely misses you. You furiously retaliate!
You headbutt the kobold!
You kill the kobold!
Trog accepts your kill.
h - 70 stones (gained 4)
You see here a +0 dagger.
There is a stone staircase leading down here.
You start resting.
HP restored.
You climb downwards.
There is a stone staircase leading up here.
The endoplasm barely misses you.
You hit the endoplasm but do no damage. You headbutt the endoplasm.
You kill the endoplasm!
Trog accepts your kill.
Found a stone staircase leading up.
Found 2 scrolls labelled OJE KOIRAUZOQUES.
A goblin comes into view. It is wielding a +0 dagger.
The goblin shouts!
You see here a glowing orange potion.
k - a glowing orange potion You hit the goblin.
You kill the goblin!
Trog accepts your kill.
Things that are here:
a +0 dagger; a goblin corpse
j - 5 scrolls labelled OJE KOIRAUZOQUES (gained 2) Save game and exit?
Welcome back, rabbitsville the Minotaur Berserker.
Trog says: Kill them all!
Press ? for a list of commands and other information.
Are you sure you want to abandon this character and quit the game? (Confirm with "yes".)

#.#<###.....#
#.#
...#.........#
#.#
......)......#
#.#
.#.####...#..#
#.# #...#..#
#.# #...#..#
#.# #...#..#
#.#
#...#..###.#
#.........@#
#...<...####
###.##..#
#.##..# ...
..# ...# ..#
#...# ...
....# .###
.#...# .#


There were no monsters in sight!

Vanquished Creatures
  A gnoll (D:1)
  A dart slug (D:1)
  2 bats (D:1)
  2 endoplasms
  5 goblins
  5 hobgoblins (D:1)
  A quokka (D:1)
  A ball python (D:1)
  2 kobolds (D:1)
  2 rats (D:1)
22 creatures vanquished.

Notes
Turn   | Place    | Note
-------+----------+-------------------------------------------
     0 | D:1      | rabbitsville the Minotaur Berserker began the quest for the
                  | Orb.
     0 | D:1      | Reached XP level 1. HP: 19/19 MP: 0/0
    61 | D:1      | Reached XP level 2. HP: 11/27 MP: 1/1
   784 | D:1      | Reached XP level 3. HP: 33/33 MP: 2/2
  1030 | D:2      | Upgraded the game from 0.27-a0-1500-g450c7e4133 to
                  | 0.28-a0-172-g787e458d71
  1030 | D:2      | Quit the game

Illustrated notes

Levels and vault maps discovered:
D:1:      lemuel_arrival_cross, layout_basic
D:2:      minmay_inner_zag, layout_loops_ring, shapermc_ecumenical_altar_venn,
          serial_shops, nicolae_shop_behind_doors, uniq_crazy_yiuf_cottage

Skill      XL: |  1 |
---------------+----+-----
Fighting       | 4 |  4.3
Axes           | 4 |  4.6
Armour         | |  2.5
Dodging        | |  2.3

Action                   || total
-------------------------++-------
Melee: Hand axe          ||    44
       Headbutt          ||     8
Armor: Animal skin       ||    14
Dodge: Dodged            ||    20

Table legend: (Time is in decaauts)
 A = Elapsed time spent in this place.
 B = Non-inter-level travel time spent in this place.
 C = Inter-level travel time spent in this place.
 D = Time resting spent in this place.
 E = Time spent auto-exploring this place.
 F = Levels seen in this place.
 G = Mean time per level.
                   A        B        C        D        E       F      G
               +--------+--------+--------+--------+--------+-----+--------+
         Total |   1035 |   1010 |     25 |    229 |     63 |   2 |  517.5 |
       Dungeon |   1035 |   1010 |     25 |    229 |     63 |   2 |  517.5 |
               +--------+--------+--------+--------+--------+-----+--------+

Top non-repeatable levels by time:
     D:1: 980 daAuts
     D:2: 54 daAuts
